 Dungeon Crawl Stone Soup version 0.29-a0-284-gf9362112df (webtiles) character file.

Game seed: 13536441460330666757

5119 croobank the Magician (level 10, 0/66 HPs)
             Began as a Gnoll Fire Elementalist on Mar 28, 2022.
             Was a Follower of Hepliaklqana.
             Slain by an orc knight
             ... wielding a +3 bardiche
              (34 damage)
             ... in a bailey.
             The game lasted 00:30:20 (10359 turns).

croobank the Magician (Gnoll Fire Elementalist)    Turns: 10359, Time: 00:30:20

Health: 0/66       AC: 14    Str:  8    XL:     10   Next: 58%
Magic:  20/30      EV: 13    Int: 18    God:    Hepliaklqana [*.....]
Gold:   293        SH:  0    Dex: 13    Spells: 11/23 levels left

rFire   . . .      SeeInvis .   F - +0 war axe (flame)
rCold   . . .      Faith    .   (no shield)
rNeg    . . .      Spirit   .   G - +0 acid dragon scales
rPois   .          Reflect  .   d - +0 helmet
rElec   .          Harm     .   O - scarf {+Inv}
rCorr   +          Rampage  .   l - +1 pair of gloves
Will    .....                   (no boots)
Stlth   +++.......              (no amulet)
HPRegen 0.21/turn               j - +4 ring of protection
MPRegen 0.22/turn               g - ring of magical power

@: no status effects
A: reduced essence, fangs 1, strong nose, distributed training
a: Renounce Religion, Evoke Invisibility, Recall Ancestor, Ancestor Identity


You were in a bailey.
You worshipped Hepliaklqana.
Hepliaklqana was aware of your devotion.
You visited 2 branches of the dungeon, and saw 8 of its levels.
You also visited: Bailey.

You collected 349 gold pieces.
You spent 56 gold pieces at shops.

Inventory:

Hand Weapons
 a - a +0 whip
 b - a +0 hunting sling
 p - a +0 war axe
 D - a +2 short sword of venom
 E - a +0 dagger of flaming
 F - a +0 war axe of flaming (weapon)
 J - a +2 spear of freezing
 L - a +0 morningstar
 M - a +2 vampiric dagger
Missiles
 e - 189 stones
 k - 3 atropa-tipped darts (quivered)
 n - 5 curare-tipped darts
 x - 7 poisoned darts
 y - 6 boomerangs
 K - 2 throwing nets
 P - 5 javelins
Armour
 c - a +0 robe
 d - a +0 helmet (worn)
 l - a +1 pair of gloves (worn)
 o - a +0 ring mail
 s - a +0 leather armour
 t - a +0 kite shield
 G - +0 acid dragon scales (worn)
 H - +0 steam dragon scales
 O - a scarf of invisibility (worn)
Jewellery
 g - a ring of magical power (right hand)
 j - a +4 ring of protection (left hand)
 C - a ring of flight
Wands
 f - a wand of acid (2)
 B - a wand of digging (3)
Scrolls
 R - a scroll of fear {unknown}
Potions
 h - 4 potions of curing
 m - 2 potions of ambrosia
 q - 3 potions of flight
 r - a potion of resistance
 u - 3 potions of heal wounds
 v - a potion of cancellation {unknown}
 w - a potion of berserk rage {unknown}
 z - a potion of degeneration {unknown}
 A - 2 potions of might {unknown}
 I - 2 potions of brilliance {unknown}
 N - a potion of lignification {unknown}
 Q - a potion of magic


   Skills:
 + Level 5.4 Fighting
 + Level 5.4 Short Blades
 + Level 5.4 Long Blades
 + Level 5.4 Axes
 + Level 5.4 Maces & Flails
 + Level 5.4 Polearms
 + Level 5.4 Staves
 + Level 5.4 Slings
 + Level 5.4 Bows
 + Level 5.4 Crossbows
 + Level 5.4 Throwing
 + Level 5.4 Armour
 + Level 7.2 Dodging
 + Level 6.9 Stealth
 + Level 5.4 Shields
 + Level 5.4 Unarmed Combat
 + Level 7.4 Spellcasting
 + Level 5.0 Conjurations
 + Level 4.4 Hexes
 + Level 4.4 Summonings
 + Level 4.4 Necromancy
 + Level 4.4 Translocations
 + Level 4.4 Transmutations
 + Level 7.1 Fire Magic
 + Level 4.4 Ice Magic
 + Level 4.4 Air Magic
 + Level 4.4 Earth Magic
 + Level 4.4 Poison Magic
 + Level 5.9 Invocations
 + Level 5.4 Evocations


You had 11 spell levels left.
You knew the following spells:

 Your Spells              Type           Power      Damage    Failure   Level
a - Foxfire               Conj/Fire      100%       2x1d9     1%          1
b - Scorch                Fire           64%        2d8       1%          2
c - Flame Wave            Conj/Fire      28%        2d8       14%         4
d - Wereblood             Tmut           22%        N/A       4%          2
e - Vampiric Draining     Necr           22%        2d7       9%          3

Your spell library contained the following spells:

 Spells                   Type           Power      Damage    Failure   Level
 Animate Skeleton         Necr           44%        N/A       2%          1
 Pain                     Necr           88%        1d8       2%          1
 Corpse Rot               Necr/Air       44%        N/A       4%          2
 Sublimation of Blood     Necr           22%        N/A       4%          2
 Conjure Flame            Conj/Fire      28%        6-21      4%          3
 Inner Flame              Hex/Fire       27%        N/A       4%          3
 Summon Guardian Golem    Hex/Summ       22%        N/A       9%          3
 Dispel Undead            Necr           22%        3d12      26%         4
 Death Channel            Necr           11%        N/A       99%         6
 Orb of Destruction       Conj           12%        9d7       100%        7
 Spellforged Servitor     Conj/Summ      11%        N/A       100%        7
 Summon Hydra             Summ           11%        N/A       100%        7


Dungeon Overview and Level Annotations

Branches:
Dungeon (7/15)             Temple (1/1) D:5          Bailey (1/1)

Altars:
Hepliaklqana
Nemelex Xobeh
Okawaru
Zin

Shops:
D:3 ?

Annotations:
D:3 3 runed translucent doors, hgbash's ghost, amateur DsVM
D:5 Sigmund


Innate Abilities, Weirdness & Mutations

Your life essence is reduced to manifest your ancestor. (-10% HP)
You have very sharp teeth.
Your uncanny sense of smell can sniff out nearby items.
Your experience applies equally to all skills.


Message History

You conjure some foxfire!
Okay, then.
The foxfire hits the orc knight.
The orc knight is lightly wounded.
The foxfire hits the orc knight!
The orc knight is moderately wounded.
Casting: Foxfire (safe; 1% risk of failure)
Confirm with . or Enter, or press ? or * to list all spells.
Flames lash the orc knight.
The orc knight is heavily wounded.
The orc knight's fire resistance burns away.
You hear a shout!
Nomusa hits the orc knight but does no damage.
Casting: Scorch (safe; 1% risk of failure)
Confirm with . or Enter, or press ? or * to list all spells.
Flames lash the orc knight.
The orc knight is burned terribly!
The orc knight is heavily wounded.
The orc knight roars a battlecry!
The orc knight goes into a battle-frenzy!
Nomusa barely misses the orc knight.
Casting: Scorch (safe; 1% risk of failure)
Confirm with . or Enter, or press ? or * to list all spells.
Flames lash the orc knight.
The orc knight is burned terribly!
The orc knight is heavily wounded.
The orc knight roars a battlecry!
The orc knight goes into a battle-frenzy!
The orc knight hits you from afar with a +3 bardiche!!
Ouch! That really hurt!
Nomusa hits the orc knight.
Casting: Scorch (safe; 1% risk of failure)
Confirm with . or Enter, or press ? or * to list all spells.
Flames lash the orc knight.
The orc knight is burned terribly!
The orc knight is almost dead.
The orc knight barely misses you.
Nomusa hits the orc knight.
Casting: Scorch (safe; 1% risk of failure)
Confirm with . or Enter, or press ? or * to list all spells.
Flames lash the orc knight but do no damage.
The orc knight hits you from afar with a +3 bardiche!!
Ouch! That really hurt!
You die...

.......## ##........).≈.#
######## ##'#############)≈.#
.$$$. §.......##.....##.≈.#
#.$.# §≈§.≈≈≈..'#...##..≈.#
##.## §.....≈≈..##.##..≈≈.#
.#+# ...⌠...≈≈..#+#..≈≈.## .#
..⌠∩⌠...oR.# #..≈≈.∩# ##
≈.§§§.§≈..# ##..≈≈.# #
≈§§≈§≈≈.@# ∆ ##..≈.#
...§§o..## ∆∆∆ ##.).#
###########'###)#########.≈.#
.......##.....##).........≈.#
≈≈≈≈≈≈..##.∩.##.))≈≈≈≈≈≈≈≈≈.#
.....≈≈).## ##..≈≈..........#
####..≈≈..###..)≈..##########
##..≈≈.....≈≈..##
##..≈≈≈≈≈≈≈..##


You could see the friendly Nomusa the ancestor and 2 orc knights.

Vanquished Creatures
  A hydra (D:7)
  An orc knight (Bailey)
  A gargoyle (D:5)
  Maggie (D:6)
  A kobold demonologist (D:5)
  Prince Ribbit (D:5)
  A steam dragon (D:5)
  Duvessa (D:5)
  A water moccasin (D:7)
  An ice beast (D:7)
  An orc warrior (Bailey)
  2 black bears
  2 sky beasts
  3 ogres
  2 phantoms
  A centaur (D:6)
  2 kobold brigands
  A bullfrog (D:7)
  A necrophage (D:5)
  2 gnoll sergeants
  3 scorpions
  Dowan (D:5)
  5 killer bees (D:7)
  A howler monkey (D:6)
  2 hounds (D:6)
  4 jellies
  An orc priest (D:5)
  5 iguanas
  8 adders
  14 gnolls
  A white imp (D:7)
  3 ufetubi
  2 worms
  2 dart slugs
  24 orcs
  5 endoplasms
  6 giant cockroaches
  5 goblins
  3 hobgoblins
  4 jackals (D:3)
  2 quokkas
  8 ball pythons
  4 bats
  4 frilled lizards
  25 kobolds
  8 rats
177 creatures vanquished.

Vanquished Creatures (collateral kills)
  An ogre (D:7)
  A scorpion (D:7)
  A gnoll (D:7)
  An orc (Bailey)
  6 foxfires
10 creatures vanquished.

Vanquished Creatures (others)
  2 ancestors
  251 foxfires
  38 plants
291 creatures vanquished.

Grand Total: 478 creatures vanquished

Notes
Turn   | Place    | Note
-------+----------+-------------------------------------------
     0 | D:1      | croobank the Gnoll Fire Elementalist began the quest for
                  | the Orb.
     0 | D:1      | Reached XP level 1. HP: 13/13 MP: 6/6
   187 | D:1      | Reached XP level 2. HP: 18/19 MP: 5/7
   190 | D:1      | Learned a level 2 spell: Scorch
  1251 | D:2      | Found a faded altar of an unknown god.
  1345 | D:2      | Reached XP level 3. HP: 20/25 MP: 3/9
  1969 | D:3      | Noticed a wight
  1969 | D:3      | Found a runed translucent gate.
  1969 | D:3      | Found a runed translucent gate.
  1969 | D:3      | Found a runed translucent gate.
  2016 | D:3      | Reached skill level 5 in Spellcasting
  2059 | D:3      | Reached skill level 1 in Invocations
  2302 | D:3      | Noticed hgbash's ghost (amateur DsVM)
  2521 | D:3      | Reached skill level 1 in Fighting
  2521 | D:3      | Reached skill level 1 in Short Blades
  2521 | D:3      | Reached skill level 1 in Long Blades
  2521 | D:3      | Reached skill level 1 in Axes
  2521 | D:3      | Reached skill level 1 in Maces & Flails
  2521 | D:3      | Reached skill level 1 in Polearms
  2521 | D:3      | Reached skill level 1 in Staves
  2521 | D:3      | Reached skill level 1 in Slings
  2521 | D:3      | Reached skill level 1 in Bows
  2521 | D:3      | Reached skill level 1 in Crossbows
  2521 | D:3      | Reached skill level 1 in Throwing
  2521 | D:3      | Reached skill level 1 in Armour
  2521 | D:3      | Reached skill level 1 in Shields
  2521 | D:3      | Reached skill level 1 in Unarmed Combat
  2521 | D:3      | Reached skill level 1 in Evocations
  2565 | D:3      | Reached XP level 4. HP: 32/32 MP: 0/11
  2657 | D:3      | Learned a level 4 spell: Flame Wave
  2724 | D:3      | Found Pigy's Magic Scroll Emporium.
  2733 | D:3      | Bought 2 scrolls of identify for 56 gold pieces
  3049 | D:4      | Noticed a black bear
  3053 | D:4      | Killed a black bear
  3054 | D:4      | Reached skill level 1 in Hexes
  3054 | D:4      | Reached skill level 1 in Summonings
  3054 | D:4      | Reached skill level 1 in Necromancy
  3054 | D:4      | Reached skill level 1 in Translocations
  3054 | D:4      | Reached skill level 1 in Transmutations
  3054 | D:4      | Reached skill level 1 in Ice Magic
  3054 | D:4      | Reached skill level 1 in Air Magic
  3054 | D:4      | Reached skill level 1 in Earth Magic
  3054 | D:4      | Reached skill level 1 in Poison Magic
  3054 | D:4      | Reached XP level 5. HP: 28/37 MP: 3/12
  3231 | D:4      | Noticed a sky beast
  3232 | D:4      | Noticed a phantom
  3236 | D:4      | Killed a sky beast
  3237 | D:4      | Reached XP level 6. HP: 44/44 MP: 4/14
  3271 | D:3      | Reached skill level 5 in Dodging
  3540 | D:4      | Reached XP level 7. HP: 51/51 MP: 8/15
  3724 | D:4      | Learned a level 2 spell: Wereblood
  4095 | D:5      | Entered Level 5 of the Dungeon
  4106 | D:5      | Noticed a gargoyle
  4221 | D:5      | Noticed Dowan
  4221 | D:5      | Noticed Prince Ribbit
  4407 | D:5      | Reached skill level 5 in Stealth
  4495 | D:5      | Noticed Sigmund
  4664 | D:5      | Found a staircase to the Ecumenical Temple.
  4670 | Temple   | Entered the Ecumenical Temple
  5016 | Temple   | Became a worshipper of Hepliaklqana the Forgotten
  5080 | D:5      | Reached XP level 8. HP: 57/57 MP: 8/16
  5091 | D:5      | Killed Prince Ribbit
  6063 | D:6      | Reached XP level 9. HP: 65/65 MP: 18/18
  6116 | D:6      | Learned a level 3 spell: Vampiric Draining
  6867 | D:6      | Noticed Maggie
  6875 | D:6      | Killed Maggie
  7026 | D:5      | Noticed Duvessa
  7237 | D:5      | Killed Dowan
  7251 | D:5      | Killed Duvessa
  7457 | D:5      | Killed a gargoyle
  7854 | D:5      | Noticed a kobold demonologist
  7861 | D:5      | Killed a kobold demonologist
  7862 | D:5      | Reached skill level 5 in Invocations
  9117 | D:7      | Reached XP level 10. HP: 73/73 MP: 20/20
  9204 | D:7      | Reached * piety under Hepliaklqana
  9610 | D:7      | Reached skill level 5 in Fighting
  9610 | D:7      | Reached skill level 5 in Short Blades
  9610 | D:7      | Reached skill level 5 in Long Blades
  9610 | D:7      | Reached skill level 5 in Axes
  9610 | D:7      | Reached skill level 5 in Maces & Flails
  9610 | D:7      | Reached skill level 5 in Polearms
  9610 | D:7      | Reached skill level 5 in Staves
  9610 | D:7      | Reached skill level 5 in Slings
  9610 | D:7      | Reached skill level 5 in Bows
  9610 | D:7      | Reached skill level 5 in Crossbows
  9610 | D:7      | Reached skill level 5 in Throwing
  9610 | D:7      | Reached skill level 5 in Armour
  9610 | D:7      | Reached skill level 5 in Shields
  9610 | D:7      | Reached skill level 5 in Unarmed Combat
  9610 | D:7      | Reached skill level 5 in Evocations
  9631 | D:7      | Noticed a four-headed hydra
  9638 | D:7      | Killed a one-headed hydra
  9738 | D:7      | Found a flagged portal.
  9764 | Bailey   | Entered a bailey
  9926 | Bailey   | Noticed an orc knight
 10021 | Bailey   | Noticed an orc knight
 10024 | Bailey   | Noticed an orc knight
 10083 | Bailey   | Killed an orc knight
 10084 | Bailey   | Reached skill level 5 in Conjurations
 10359 | Bailey   | Slain by an orc knight

Illustrated notes

Levels and vault maps discovered:
D:1:      dpeg_arrival_round_a, layout_basic
D:2:      layout_basic, ebering_ecumenical_altar_sacrificial, nrook_uturn
D:3:      layout_loops_cross, serial_shops, nicolae_shop_behind_doors,
          gammafunk_ghost_split
D:4:      layout_rooms
D:5:      kennysheep_big_flooded_room, layout_loops_ring,
          minmay_temple_entry_statues_pillars, portal_sewer_entry_b,
          uniq_duvessa, uniq_prince_ribbit1, uniq_sigmund
D:6:      kennysheep_kobold_camp, layout_loops_corners, uniq_maggie
D:7:      layout_basic, gammafunk_temple_overflow_wave, enter_bailey_6,
          grunt_decor_one_mirror, st_stairs_1, serial_bayou_lagoon_a,
          minmay_crossroads, uniq_joseph, uniq_crazy_yiuf_cottage
Temple:   mainiacjoe_temple_cubbyholes
Bailey:   bailey_polearm_1, bailey

Skill      XL: |  1  2  3  4  5  6  7  8  9 10 |
---------------+-------------------------------+-----
Conjurations   | 2 3 4 5 |  5.0
Spellcasting   | 5 6 7 |  7.4
Invocations    | 1 2 3 4 5 |  5.9
Fighting       | 1 2 3 4 5 |  5.4
Short Blades   | 1 2 3 4 5 |  5.4
Long Blades    | 1 2 3 4 5 |  5.4
Axes           | 1 2 3 4 5 |  5.4
Maces & Flails | 1 2 3 4 5 |  5.4
Polearms       | 1 2 3 4 5 |  5.4
Staves         | 1 2 3 4 5 |  5.4
Slings         | 1 2 3 4 5 |  5.4
Bows           | 1 2 3 4 5 |  5.4
Crossbows      | 1 2 3 4 5 |  5.4
Throwing       | 1 2 3 4 5 |  5.4
Armour         | 1 2 3 4 5 |  5.4
Shields        | 1 2 3 4 5 |  5.4
Unarmed Combat | 1 2 3 4 5 |  5.4
Evocations     | 1 2 3 4 5 |  5.4
Hexes          | 1 2 3 4 |  4.4
Summonings     | 1 2 3 4 |  4.4
Necromancy     | 1 2 3 4 |  4.4
Translocations | 1 2 3 4 |  4.4
Transmutations | 1 2 3 4 |  4.4
Ice Magic      | 1 2 3 4 |  4.4
Air Magic      | 1 2 3 4 |  4.4
Earth Magic    | 1 2 3 4 |  4.4
Poison Magic   | 1 2 3 4 |  4.4
Dodging        | 5 6 7 |  7.2
Stealth        | 5 6 |  6.9
Fire Magic     | 6 7 |  7.1

Action                   |  1- 3 |  4- 6 |  7- 9 | 10-12 || total
-------------------------+-------+-------+-------+-------++-------
Melee: Whip              |    16 |     7 |    43 |       ||    66
       Bite              |     3 |     2 |     7 |       ||    12
       Unarmed           |     1 |       |       |       ||     1
       Punch             |       |       |     3 |       ||     3
       War axe           |       |       |       |     4 ||     4
 Cast: Foxfire           |    31 |    11 |    57 |    54 ||   153
       Scorch            |    24 |    22 |   136 |    23 ||   205
       Flame Wave        |       |       |     7 |     2 ||     9
  Use: Scroll            |     4 |     4 |     5 |     2 ||    15
 Stab: Sleeping          |       |       |       |     1 ||     1
Armor: Robe              |     3 |     6 |    23 |       ||    32
       Acid dragon scale |       |       |    13 |    19 ||    32
Dodge: Dodged            |    19 |     9 |    82 |    22 ||   132

Table legend: (Time is in decaauts)
 A = Elapsed time spent in this place.
 B = Non-inter-level travel time spent in this place.
 C = Inter-level travel time spent in this place.
 D = Time resting spent in this place.
 E = Time spent auto-exploring this place.
 F = Levels seen in this place.
 G = Mean time per level.
                   A        B        C        D        E       F      G
               +--------+--------+--------+--------+--------+-----+--------+
         Total |  10376 |   9956 |    420 |   2648 |   5474 |   9 | 1152.9 |
       Dungeon |   9369 |   8998 |    371 |   2117 |   5277 |   7 | 1338.4 |
        Temple |    395 |    346 |     49 |    269 |     69 |   1 |  395.0 |
        Bailey |    610 |    610 |      0 |    262 |    128 |   1 |  610.0 |
               +--------+--------+--------+--------+--------+-----+--------+

Top non-repeatable levels by time:
     D:6: 2235 daAuts
     D:5: 1868 daAuts
     D:4: 1399 daAuts
     D:3: 1191 daAuts
     D:1: 1160 daAuts
     D:2: 807 daAuts
     D:7: 706 daAuts
  Bailey: 610 daAuts
  Temple: 395 daAuts
